 Dungeon Crawl Stone Soup version 0.29-a0-529-gfa20dd96a1 (webtiles) character file.

Game seed: 13832697765404205412

1138 MechDurjaeses the Prestidigitator (level 8, -11/64 HPs)
             Began as a Gnoll Wanderer on June 2, 2022.
             Killed from afar by Maggie (25 damage)
             ... with a bolt of fire
             ... on level 6 of the Dungeon.
             The game lasted 00:29:57 (7973 turns).

MechDurjaeses the Prestidigitator (Gnoll Wanderer)  Turns: 7973, Time: 00:29:58

Health: -11/64     AC: 11    Str: 16    XL:     8   Next: 37%
Magic:  12/12      EV: 12    Int: 13    God:
Gold:   208        SH: 10    Dex: 19    Spells: 13/13 levels left

rFire   . . .      SeeInvis .   y - +2 rapier (elec)
rCold   . . .      Faith    .   i - +0 buckler
rNeg    + . .      Spirit   .   E - +1 ring mail of Duiwey {rN+ Int+5 Dex+4}
rPois   +          Reflect  +   (no helmet)
rElec   +          Harm     .   a - +0 cloak
rCorr   .          Rampage  .   A - +2 pair of gloves of Iwaof {rElec Str+2}
Will    .....                   (no boots)
Stlth   ++........              r - amulet of reflection
HPRegen 0.20/turn               v - ring of poison resistance
MPRegen 0.13/turn               (no ring)

@: no status effects
A: fangs 1, strong nose, distributed training
a: no special abilities


You were on level 6 of the Dungeon.
You visited 1 branch of the dungeon, and saw 6 of its levels.

You collected 257 gold pieces.
You spent 49 gold pieces at shops.

Inventory:

Hand Weapons
 f - a +0 flail of protection
 p - a +0 hunting sling
 q - a +1 vorpal falchion
 y - a +2 rapier of electrocution (weapon)
 z - a +0 short sword of speed
Missiles
 c - 18 poisoned darts
 k - 2 throwing nets
Armour
 a - a +0 cloak (worn)
 i - a +0 buckler (worn)
 s - a +2 scale mail of fire resistance
 A - the +2 pair of gloves of Iwaof (worn) {rElec Str+2}
   (You found it on level 5 of the Dungeon)

   Str:       It affects your strength (+2).
   rElec:     It insulates you from electricity.
 E - the +1 ring mail of Duiwey (worn) {rN+ Int+5 Dex+4}
   (You found it on level 6 of the Dungeon)

   Int:       It affects your intelligence (+5).
   Dex:       It affects your dexterity (+4).
   rN:        It protects you from negative energy.
Magical Staves
 u - a staff of fire
Jewellery
 r - an amulet of reflection (around neck)
 v - a ring of poison resistance (left hand)
Wands
 g - a wand of charming (4)
 w - a wand of mindburst (7) (quivered)
 D - a wand of acid (7)
Scrolls
 h - a scroll of amnesia
 l - 4 scrolls of vulnerability
 n - a scroll of magic mapping
 t - a scroll of enchant weapon {unknown}
 B - a scroll of silence {unknown}
 C - a scroll of immolation
 F - a scroll of poison {unknown}
Potions
 b - 2 potions of curing
 e - 2 potions of brilliance
 j - a potion of might
 m - a potion of cancellation {unknown}
 o - 2 potions of flight
 x - a potion of mutation {unknown}
Miscellaneous
 d - a phantom mirror


   Skills:
 + Level 5.6 Fighting
 + Level 3.2 Short Blades
 + Level 3.2 Long Blades
 + Level 3.2 Axes
 + Level 3.2 Maces & Flails
 + Level 3.2 Polearms
 + Level 3.2 Staves
 + Level 3.2 Slings
 + Level 3.2 Bows
 + Level 3.2 Crossbows
 + Level 4.1 Throwing
 + Level 3.2 Armour
 + Level 4.1 Dodging
 + Level 4.0 Stealth
 + Level 3.2 Shields
 + Level 3.2 Unarmed Combat
 + Level 3.2 Spellcasting
 + Level 2.6 Conjurations
 + Level 2.6 Hexes
 + Level 2.6 Summonings
 + Level 2.6 Necromancy
 + Level 2.6 Translocations
 + Level 2.6 Transmutations
 + Level 2.6 Fire Magic
 + Level 2.6 Ice Magic
 + Level 2.6 Air Magic
 + Level 2.6 Earth Magic
 + Level 2.6 Poison Magic
 + Level 3.5 Invocations
 + Level 10.9 Evocations


You had 13 spell levels left.
You didn't know any spells.
Your spell library was empty.

Dungeon Overview and Level Annotations

Branches:
Dungeon (6/15)             Temple (0/1) D:5

Altars:
Cheibriados
Dithmenos
Hepliaklqana
Makhleb
Uskayaw
Xom

Shops:
D:2 [   D:5 ?

Annotations:
D:6 Maggie


Innate Abilities, Weirdness & Mutations

You have very sharp teeth.
Your uncanny sense of smell can sniff out nearby items.
Your experience applies equally to all skills.


Message History

Maggie is moderately wounded.
Maggie casts a spell.
Maggie attempts to bespell you! You resist with some effort.
You hit Maggie but do no damage.
Maggie is moderately wounded.
Maggie says, "Did Master Lance send you?"
Maggie completely misses you.
You hit Maggie but do no damage. Your bite misses Maggie.
Maggie is moderately wounded.
Maggie hits you with a +1 glaive of flaming.
Maggie burns you.
You hit Maggie.
Maggie is moderately wounded.
Maggie gestures at you while chanting. The bolt of fire hits you!
You are too injured to fight recklessly!
You are too injured to fight recklessly!
You barely miss Maggie.
Maggie is moderately wounded.
You block Maggie's attack.
You closely miss the scorpion. The scorpion barely misses you.
Maggie casts a spell.
Maggie attempts to bespell you! You resist with almost no effort.
The scorpion stings you but does no damage.
You hit the scorpion.
The scorpion is moderately wounded.
You block Maggie's attack. You block the scorpion's attack.
You puncture the scorpion!
The scorpion is severely wounded.
Maggie gestures at you while chanting. The bolt of fire hits you!
* * * LOW HITPOINT WARNING * * *
You block the scorpion's attack.
You hit the scorpion but do no damage.
The scorpion is severely wounded.
The scorpion barely misses you. You block Maggie's attack.
The scorpion barely misses you. Maggie casts a spell at you.
The bolt of fire hits you!!
You die...

## ###.### ###...
#######.# #.# ##.....
........# #.#####......
........# #............
........# ####.........
.......# ##........
##....###### ##.......
###..........#####......
......s@..........##....
......@######...........
....... #########...
....... #### #.....#
...... ####.. ...


You could see Maggie and a scorpion.

Vanquished Creatures
  An orc warrior (D:5)
  A black bear (D:6)
  A phantom (D:4)
  A scorpion (D:6)
  A necrophage (D:5)
  3 hounds
  2 gnoll shamans (D:5)
  3 orc priests (D:5)
  Crazy Yiuf (D:5)
  4 iguanas
  Natasha (thrice) (D:3)
  A mummy (D:6)
  5 adders
  16 gnolls
  An ufetubus (D:5)
  7 worms
  A dart slug (D:2)
  8 orcs
  6 ball pythons
  6 endoplasms
  3 giant cockroaches
  3 goblins (D:1)
  5 hobgoblins
  3 jackals (D:2)
  5 quokkas
  10 bats
  4 frilled lizards
  3 kobolds
  6 rats
114 creatures vanquished.

Notes
Turn   | Place    | Note
-------+----------+-------------------------------------------
     0 | D:1      | Reached skill level 10 in Evocations
     0 | D:1      | MechDurjaeses the Gnoll Wanderer began the quest for the
                  | Orb.
     0 | D:1      | MechDurjaeses set off with the following items: a +0
                  | dagger, a potion of curing, 14 poisoned darts, a phantom
                  | mirror, a potion of haste, a +0 leather armour
     0 | D:1      | Reached XP level 1. HP: 20/20 MP: 1/1
   222 | D:1      | Reached XP level 2. HP: 23/26 MP: 2/2
   688 | D:1      | Found a faded altar of an unknown god.
  1240 | D:2      | Reached XP level 3. HP: 25/31 MP: 3/3
  1672 | D:2      | Reached skill level 1 in Invocations
  1950 | D:2      | Found Qyukunej's Antique Armour Boutique.
  2513 | D:2      | Reached skill level 1 in Short Blades
  2513 | D:2      | Reached skill level 1 in Long Blades
  2513 | D:2      | Reached skill level 1 in Axes
  2513 | D:2      | Reached skill level 1 in Maces & Flails
  2513 | D:2      | Reached skill level 1 in Polearms
  2513 | D:2      | Reached skill level 1 in Staves
  2513 | D:2      | Reached skill level 1 in Slings
  2513 | D:2      | Reached skill level 1 in Bows
  2513 | D:2      | Reached skill level 1 in Crossbows
  2513 | D:2      | Reached skill level 1 in Armour
  2513 | D:2      | Reached skill level 1 in Shields
  2513 | D:2      | Reached skill level 1 in Unarmed Combat
  2513 | D:2      | Reached skill level 1 in Spellcasting
  2724 | D:3      | Reached XP level 4. HP: 38/38 MP: 5/5
  2896 | D:3      | Found a burning altar of Makhleb.
  3022 | D:3      | Noticed Natasha
  3032 | D:3      | Killed Natasha
  3033 | D:3      | Reached skill level 1 in Conjurations
  3033 | D:3      | Reached skill level 1 in Hexes
  3033 | D:3      | Reached skill level 1 in Summonings
  3033 | D:3      | Reached skill level 1 in Necromancy
  3033 | D:3      | Reached skill level 1 in Translocations
  3033 | D:3      | Reached skill level 1 in Transmutations
  3033 | D:3      | Reached skill level 1 in Fire Magic
  3033 | D:3      | Reached skill level 1 in Ice Magic
  3033 | D:3      | Reached skill level 1 in Air Magic
  3033 | D:3      | Reached skill level 1 in Earth Magic
  3033 | D:3      | Reached skill level 1 in Poison Magic
  3959 | D:3      | Reached XP level 5. HP: 30/43 MP: 6/6
  4173 | D:3      | Found a hazy altar of Hepliaklqana.
  4176 | D:3      | Found a shadowy altar of Dithmenos.
  4176 | D:3      | Noticed a shadow
  4212 | D:3      | Noticed Natasha
  4223 | D:3      | Killed Natasha
  4398 | D:3      | Noticed Natasha
  4406 | D:3      | Killed Natasha
  5124 | D:4      | Found a shimmering altar of Xom.
  5172 | D:4      | Reached XP level 6. HP: 44/50 MP: 8/8
  5240 | D:4      | Reached skill level 5 in Fighting
  5952 | D:5      | Entered Level 5 of the Dungeon
  6023 | D:5      | Reached XP level 7. HP: 53/56 MP: 10/10
  6261 | D:5      | Identified the +2 pair of gloves of Iwaof {rElec Str+2}
  6376 | D:5      | Found a hide-covered altar of Uskayaw.
  6454 | D:5      | Found Qaodatol's Magic Scroll Emporium.
  6457 | D:5      | Bought a scroll of magic mapping for 49 gold pieces
  6537 | D:5      | Found a staircase to the Ecumenical Temple.
  6847 | D:5      | Found a runed translucent door.
  6848 | D:5      | Noticed Crazy Yiuf
  6928 | D:5      | Reached XP level 8. HP: 63/63 MP: 12/12
  7493 | D:5      | Killed Crazy Yiuf
  7552 | D:6      | Found a snail-covered altar of Cheibriados.
  7685 | D:6      | Identified the +1 ring mail of Duiwey {rN+ Int+5 Dex+4}
  7959 | D:6      | Noticed Maggie
  7973 | D:6      | Killed from afar by Maggie

Illustrated notes

Levels and vault maps discovered:
D:1:      dpeg_arrival_arbitrary_c, layout_basic,
          hellmonk_ecumenical_altar_zigzags
D:2:      layout_rooms, serial_shops, shop, hangedman_decor_lopped, hex_medium,
          nicolae_concentric_dashed_squares_mild
D:3:      layout_loops_ring, riverfiend_overflow_shadow_ancestor,
          bloody_makhleb, serial_co_window_serial, co_window_paths_b,
          co_window_paths_b, co_window_paths_b, co_window_paths_a,
          co_window_of_opportunity_a, co_window_broadway_a,
          co_window_of_opportunity_c, co_window_broadway_a,
          co_window_broadway_a, co_window_4corner_b, glass_columns_a,
          glass_columns_b, glass_columns_b, uniq_natasha
D:4:      layout_rooms, brannock_xom_greatest_gift
D:5:      layout_loops_ring, eat_drink_and_be_merry_uskayaw,
          minmay_temple_entry_glassed_door, lightli_sewer_entry_pipes,
          serial_shops, nicolae_shop_window_shopping, uniq_crazy_yiuf_cottage
D:6:      layout_cave_pods, slow_altar_1, hex_large, minmay_fractal_squares_5,
          uniq_maggie

Skill      XL: |  1  2  3  4  5  6  7  8 |
---------------+-------------------------+-----
Evocations     | | 10.9
Invocations    | 1 2 3 |  3.5
Short Blades   | 1 2 3 |  3.2
Long Blades    | 1 2 3 |  3.2
Axes           | 1 2 3 |  3.2
Maces & Flails | 1 2 3 |  3.2
Polearms       | 1 2 3 |  3.2
Staves         | 1 2 3 |  3.2
Slings         | 1 2 3 |  3.2
Bows           | 1 2 3 |  3.2
Crossbows      | 1 2 3 |  3.2
Armour         | 1 2 3 |  3.2
Shields        | 1 2 3 |  3.2
Unarmed Combat | 1 2 3 |  3.2
Spellcasting   | 1 2 3 |  3.2
Conjurations   | 1 2 |  2.6
Hexes          | 1 2 |  2.6
Summonings     | 1 2 |  2.6
Necromancy     | 1 2 |  2.6
Translocations | 1 2 |  2.6
Transmutations | 1 2 |  2.6
Fire Magic     | 1 2 |  2.6
Ice Magic      | 1 2 |  2.6
Air Magic      | 1 2 |  2.6
Earth Magic    | 1 2 |  2.6
Poison Magic   | 1 2 |  2.6
Throwing       | 3 4 |  4.1
Dodging        | 3 4 |  4.1
Fighting       | 5 |  5.6
Stealth        | 3 4 |  4.0

Action                   |  1- 3 |  4- 6 |  7- 9 || total
-------------------------+-------+-------+-------++-------
Melee: Dagger            |   215 |       |       ||   215
       Bite              |    19 |    19 |    20 ||    58
       Falchion          |    24 |   131 |       ||   155
       Rapier            |       |    13 |   159 ||   172
Evoke: Phantom mirror    |     1 |       |       ||     1
       Wand              |       |       |     5 ||     5
  Use: Scroll            |     5 |     7 |     5 ||    17
       Potion            |     2 |     1 |     3 ||     6
 Stab: Sleeping          |     7 |     1 |       ||     8
Armor: Leather armour    |    37 |       |       ||    37
       Ring mail         |    28 |     3 |     2 ||    33
       Scale mail        |       |    42 |    59 ||   101
Dodge: Dodged            |   132 |    45 |    73 ||   250
Block: Buckler           |    43 |    62 |    92 ||   197
       Reflection        |       |       |     2 ||     2

Table legend: (Time is in decaauts)
 A = Elapsed time spent in this place.
 B = Non-inter-level travel time spent in this place.
 C = Inter-level travel time spent in this place.
 D = Time resting spent in this place.
 E = Time spent auto-exploring this place.
 F = Levels seen in this place.
 G = Mean time per level.
                   A        B        C        D        E       F      G
               +--------+--------+--------+--------+--------+-----+--------+
         Total |   8051 |   6900 |   1151 |   1887 |   3652 |   6 | 1341.8 |
       Dungeon |   8051 |   6900 |   1151 |   1887 |   3652 |   6 | 1341.8 |
               +--------+--------+--------+--------+--------+-----+--------+

Top non-repeatable levels by time:
     D:3: 2434 daAuts
     D:5: 1625 daAuts
     D:2: 1454 daAuts
     D:1: 1187 daAuts
     D:4: 910 daAuts
     D:6: 439 daAuts
